Map: Ujari

Players

BRUCEYOO

  • Race: Protoss Protoss
  • Spawn Location: 3:00

Jorj

  • Race: Terran Terran
  • League: Platinum
  • Spawn Location: 3:00

Mensor

  • Race: Protoss Protoss
  • League: Platinum
  • Spawn Location: 0:00

Loken - Winner!

  • Race: Zerg Zerg
  • League: Platinum
  • Spawn Location: 0:00

dallaskuken - Winner!

  • Race: Protoss Protoss
  • League: Platinum
  • Spawn Location: 9:00

TimeTwist - Winner!

  • Race: Zerg Zerg
  • Spawn Location: 9:00

VOD

Have the link to the VOD?

Description

Time

  • Played on: March 22, 2017, 5:23 a.m.
  • Length: 14:21
Show
View Real Time Build Order
Export as new Build Order

BRUCEYOO Protoss 

Build Orders: Phoenix Opening 

Get SALT Encoding   

  12  0:03  Probe (Chrono Boost)  
  13  0:13  Probe (Chrono Boost)  
  14  0:21  Pylon  
  14  0:24  Probe (Chrono Boost)  
  15  0:40  Probe (Chrono Boost)  
  15  0:42  Forge  
  16  0:50  Probe (Chrono Boost)  
  17  1:04  Gateway  
  17  1:09  Probe (Chrono Boost)  
  18  1:16  Photon Cannon  
  18  1:20  Probe (Chrono Boost)  
  18  1:24  Pylon  
  19  1:31  Assimilator  
  19  1:33  Assimilator  
  19  1:38  Probe (Chrono Boost)  
  20  1:50  Probe (Chrono Boost)  
  21  1:56  Cybernetics Core  
  21  1:57  Zealot  
  23  2:09  Pylon  
  23  2:12  Probe (Chrono Boost)  
  24  2:22  Probe (Chrono Boost)  
  25  2:35  Stargate  
  25  2:36  Pylon  
  25  2:49  Photon Cannon  
  25  2:58  Photon Cannon  
  25  3:03  Photon Cannon  
  25  3:12  Stargate  
  25  3:27  Phoenix  
  27  3:55  Phoenix  
  29  3:58  Phoenix  
  31  4:20  Phoenix  
  33  4:29  Nexus  
  33  4:34  Phoenix  
  35  4:52  Photon Cannon  
  35  4:56  Phoenix  
  37  5:12  Phoenix  
  39  5:28  Assimilator  
  39  5:31  Probe (Chrono Boost)  
  39  5:33  Assimilator  
  40  5:42  Probe (Chrono Boost)  
  41  5:52  Probe (Chrono Boost)  
  42  6:03  Probe (Chrono Boost)  
  43  6:07  Probe (Chrono Boost)  
  44  6:13  Probe (Chrono Boost)  
  44  6:18  Probe (Chrono Boost)  
  46  6:22  Stargate  
  46  6:23  Fleet Beacon  
  46  6:28  Probe (Chrono Boost)  
  47  6:39  Probe (Chrono Boost)  
  48  6:43  Phoenix x2  
  52  6:50  Probe (Chrono Boost)  
  53  6:59  Anion Pulse-Crystals  
  53  7:00  Probe (Chrono Boost)  
  54  7:11  Probe (Chrono Boost)  
  54  7:14  Phoenix x2  
  59  7:21  Probe (Chrono Boost)  
  60  7:23  Pylon  
  60  7:32  Probe (Chrono Boost)  
  61  7:42  Probe (Chrono Boost)  
  55  7:53  Probe (Chrono Boost)  
  55  7:55  Probe (Chrono Boost)  
  57  8:07  Phoenix x3, Probe (Chrono Boost)  
  65  8:20  Probe (Chrono Boost)  
  65  8:32  Probe (Chrono Boost)  
  66  8:34  Nexus  
  66  8:39  Phoenix x2  
  70  8:44  Graviton Catapult  
  70  8:48  Pylon  
  70  9:08  Probe (Chrono Boost)  
  71  9:20  Probe (Chrono Boost)  
  50  9:57  Phoenix x3  
  50  10:04  Probe (Chrono Boost)  
  51  10:08  Probe (Chrono Boost)  
  52  10:14  Probe (Chrono Boost)  
  52  10:18  Probe (Chrono Boost)  
  54  10:22  Phoenix x3  
  60  10:30  Stargate, Assimilator  
  60  10:31  Probe (Chrono Boost)  
  60  10:34  Assimilator  
  58  10:47  Phoenix x3  
  58  10:54  Pylon  
  57  10:58  Pylon  
  57  11:12  Phoenix  
  57  11:15  Phoenix x3  
  65  11:37  Phoenix  
  67  11:40  Phoenix  
  69  11:54  Phoenix  
  69  11:55  Phoenix  
  73  12:02  Phoenix  
  73  12:05  Phoenix  
  77  12:19  Phoenix, Nexus  
  79  12:25  Pylon  
  79  12:30  Phoenix x3  
  85  12:39  Assimilator  
  85  12:44  Phoenix  
  87  13:09  Phoenix x4  
Show
View Real Time Build Order
Export as new Build Order

Jorj Terran 

Build Orders: Liberator Opening, MMM Bio 

Get SALT Encoding   

  12  0:01  SCV  
  13  0:13  SCV  
  14  0:23  Supply Depot  
  14  0:25  SCV  
  15  0:45  SCV  
  15  0:47  Barracks  
  16  0:52  Refinery  
  16  0:57  Refinery, SCV  
  17  1:12  Supply Depot  
  17  1:14  SCV  
  18  1:31  SCV  
  19  1:40  Factory  
  19  1:49  Barracks Reactor  
  19  1:52  Orbital Command  
  19  2:02  Supply Depot  
  19  2:19  SCV  
  20  2:35  Widow Mine, Starport, Marine  
  20  2:36  Marine  
  24  2:39  SCV  
  25  2:51  SCV  
  26  2:53  Marine x2  
  28  3:03  Widow Mine  
  30  3:07  Liberator  
  33  3:30  Medivac  
  33  3:31  Command Center  
  35  3:38  Barracks Tech Lab  
  35  3:39  SCV  
  36  3:43  Widow Mine  
  38  4:00  Barracks, Combat Shields  
  38  4:19  Supply Depot  
  38  4:27  Factory Reactor  
  38  4:28  Liberator x2  
  38  4:40  Marine  
  37  5:02  Orbital Command  
  37  5:04  SCV  
  38  5:07  Widow Mine x2  
  38  5:09  Barracks Tech Lab  
  39  5:24  SCV  
  39  5:26  Stimpack  
  40  5:32  Barracks  
  40  5:36  SCV  
  34  5:57  Barracks  
  34  6:01  Liberator x2  
  34  6:03  Marine x2  
  36  6:04  Widow Mine x2  
  46  6:22  Barracks Reactor  
  46  6:25  SCV x2  
  48  6:42  SCV x2  
  48  6:46  Marauder x2  
  54  6:47  Barracks Reactor  
  54  6:54  SCV, Concussive Shells  
  55  7:03  Supply Depot  
  55  7:05  Widow Mine x2  
  59  7:26  Marine  
  59  7:27  Marine x3  
  59  7:28  Marauder x2  
  67  7:33  Widow Mine  
  69  7:48  Engineering Bay  
  69  7:49  Engineering Bay  
  69  8:14  SCV  
  69  8:18  Supply Depot  
  69  8:19  Supply Depot  
  70  8:35  Orbital Command  
  70  8:39  Marauder, SCV, Marine, Medivac x2  
  70  8:40  Widow Mine  
  70  8:41  Marauder, Marine x3  
  85  8:46  Terran Infantry Weapons Level 1  
  85  8:50  Armory  
  85  8:57  Refinery x2  
  85  9:27  Marine  
  86  9:34  Widow Mine  
  86  10:05  Factory  
  86  10:06  Factory x2  
  86  10:08  Marine  
  86  10:26  Supply Depot  
  86  10:28  Supply Depot x2  
  86  10:30  Supply Depot x2  
  86  10:32  Supply Depot  
  86  10:33  Supply Depot  
  83  10:47  Widow Mine  
  83  10:48  SCV  
  86  10:50  Marauder x2, SCV, Marine x2, Supply Depot  
  93  11:00  SCV  
  93  11:02  SCV  
  95  11:08  Command Center  
  93  11:26  Marine  
  93  11:27  Marine x3  
  93  11:28  Marauder  
  89  11:45  Marine  
  89  11:46  Marauder, Marine x2  
  91  11:47  SCV  
  91  11:49  Marauder  
  94  12:00  Factory Tech Lab  
  94  12:01  Factory Tech Lab x2  
  94  12:07  SCV x2  
  96  12:31  Orbital Command  
  96  12:33  SCV  
  96  12:34  SCV  
  96  12:35  Thor  
  104  12:45  SCV  
  104  12:46  SCV  
  110  12:56  Starport  
  105  13:18  Refinery  
  105  13:21  Thor  
  105  13:22  Thor  
Show
View Real Time Build Order
Export as new Build Order

Mensor Protoss 

Build Orders:  

Get SALT Encoding   

  12  0:01  Probe (Chrono Boost)  
  13  0:11  Probe (Chrono Boost)  
  14  0:18  Pylon  
  14  0:22  Probe (Chrono Boost)  
  15  0:36  Probe (Chrono Boost)  
  15  0:41  Gateway  
  16  0:44  Assimilator  
  16  0:47  Probe (Chrono Boost)  
  17  0:57  Probe (Chrono Boost)  
  17  0:59  Assimilator  
  18  1:10  Probe (Chrono Boost)  
  19  1:21  Probe (Chrono Boost)  
  20  1:29  Cybernetics Core  
  20  1:32  Pylon, Probe (Chrono Boost)  
  21  1:34  Zealot  
  23  1:47  Gateway  
  23  1:59  Probe (Chrono Boost)  
  24  2:01  Warp Gate  
  24  2:10  Mothership Core (Chrono Boost)  
  24  2:14  Adept  
  28  2:18  Pylon  
  28  2:29  Gateway, Probe (Chrono Boost)  
  29  2:37  Adept  
  31  2:47  Adept  
  33  2:55  Twilight Council  
  33  3:04  Pylon  
  33  3:07  Adept  
  35  3:15  Adept  
  37  3:20  Resonating Glaives  
  37  3:21  Adept  
  39  3:48  Pylon  
  39  3:51  Probe (Chrono Boost)  
  41  4:03  Pylon, Probe (Chrono Boost)  
  41  4:05  Gateway  
  41  4:10  Pylon  
  31  4:53  Adept x3  
  37  5:06  Adept  
  39  5:11  Nexus  
  39  5:14  Pylon  
  39  5:16  Blink  
  39  5:18  Assimilator  
  39  5:19  Adept x3  
  44  5:33  Adept  
  42  5:45  Stalker  
  42  5:46  Stalker  
  42  5:47  Mothership Core (Chrono Boost)  
  48  6:06  Adept  
  48  6:07  Adept  
  38  6:50  Stalker x3  
  38  6:51  Stalker  
  40  7:08  Nexus  
  39  7:29  Adept x2  
  30  7:44  Adept  
  31  7:59  Probe (Chrono Boost)  
  32  8:09  Probe (Chrono Boost)  
  33  8:38  Probe (Chrono Boost)  
  34  8:48  Probe (Chrono Boost)  
  35  8:59  Probe (Chrono Boost)  
  36  9:09  Probe (Chrono Boost)  
  31  9:36  Nexus  
  32  9:38  Probe (Chrono Boost)  
  32  9:49  Probe (Chrono Boost)  
  33  10:09  Adept  
  33  10:10  Adept x2  
  34  10:28  Probe (Chrono Boost)  
  32  10:39  Pylon, Probe (Chrono Boost)  
  18  11:13  Dark Shrine  
  18  11:16  Probe (Chrono Boost)  
  15  12:17  Stalker x2  
  15  12:18  Nexus  
Show
View Real Time Build Order
Export as new Build Order

Loken Zerg - Winner!

Build Orders: Hatch First 

Get SALT Encoding   

  12  0:02  Drone  
  13  0:13  Overlord  
  13  0:25  Drone  
  14  0:36  Drone x2  
  14  0:37  Drone  
  17  1:01  Drone  
  17  1:04  Hatchery  
  17  1:16  Spawning Pool  
  17  1:17  Drone  
  17  1:20  Drone  
  18  1:30  Drone  
  19  1:34  Drone  
  20  1:40  Extractor  
  19  1:50  Drone  
  20  2:01  Hatchery  
  20  2:06  Queen  
  20  2:08  Overlord  
  21  2:16  Queen  
  21  2:21  Drone  
  24  2:23  Drone  
  24  2:27  Drone  
  26  2:31  Drone  
  26  2:33  Drone  
  28  2:37  Drone  
  28  2:41  Drone  
  30  2:47  Drone  
  30  2:48  Drone  
  32  3:00  Extractor  
  32  3:01  Drone  
  32  3:02  Drone  
  33  3:06  Queen  
  33  3:08  Drone  
  33  3:10  Spore Crawler  
  35  3:15  Spore Crawler  
  35  3:17  Drone  
  35  3:18  Drone  
  37  3:27  Drone x4  
  37  3:28  Drone  
  41  3:34  Overlord  
  41  3:47  Metabolic Boost  
  41  3:58  Zergling x2  
  41  3:59  Zergling x16  
  50  4:03  Overlord x2  
  50  4:08  Extractor  
  49  4:10  Extractor  
  48  4:17  Lair  
  47  4:33  Zergling x2  
  47  4:34  Zergling x22  
  39  4:58  Zergling x4  
  39  4:59  Zergling x6  
  42  5:15  Spore Crawler  
  41  5:33  Drone x5  
  42  6:06  Drone  
  42  6:07  Drone x6  
  49  6:14  Drone  
  49  6:15  Drone  
  51  6:41  Drone  
  51  6:42  Drone x8  
  59  7:15  Infestation Pit  
  47  7:38  Drone  
  47  7:39  Drone x17  
  47  7:40  Drone x2  
  65  7:46  Extractor  
  65  7:48  Extractor  
  61  7:59  Hive  
  61  8:08  Drone  
  61  8:09  Drone x4, Spire  
  61  8:10  Drone  
  66  8:13  Overlord x3  
  66  8:14  Overlord x2  
  66  8:27  Drone, Evolution Chamber  
  66  8:28  Evolution Chamber  
  65  8:40  Drone x3  
  68  8:52  Drone x2  
  68  8:53  Drone x5  
  75  9:01  Zerg Melee Weapons Level 1  
  75  9:02  Zerg Ground Armor Level 1  
  65  9:13  Zergling x20  
  65  9:14  Zergling x8  
  67  9:17  Zergling x2  
  67  9:18  Zergling x4  
  63  9:24  Zerg Flyer Weapons Level 1  
  48  10:01  Drone  
  48  10:02  Drone x14  
  58  10:17  Queen  
  58  10:20  Queen  
  51  10:22  Queen  
  51  10:27  Drone  
  51  10:28  Drone x5  
  57  10:34  Drone  
  57  10:35  Drone  
  59  10:45  Adrenal Glands  
  57  10:56  Spore Crawler  
  56  10:57  Drone  
  56  10:58  Drone x9  
  56  11:03  Drone  
  62  11:43  Zergling x2  
  62  11:44  Zergling x16  
  62  11:45  Zergling x14  
  78  11:47  Hatchery  
  77  11:54  Queen  
  77  11:59  Hatchery  
  77  12:00  Hatchery, Zergling x16  
  77  12:01  Zergling x2  
  86  12:27  Zergling x8  
  90  12:31  Overlord x2  
  90  12:32  Overlord x2  
  76  12:57  Zergling x2  
  76  12:58  Zergling x28  
  80  13:11  Queen  
  82  13:24  Overlord x2  
  82  13:25  Overlord x3  
  82  13:27  Zergling x8  
  82  13:28  Zergling x18  
  87  13:48  Zergling x2  
  87  13:49  Zergling x36  
  87  13:50  Zergling x2  
Show
View Real Time Build Order
Export as new Build Order

dallaskuken Protoss - Winner!

Build Orders:  

Get SALT Encoding   

  12  0:02  Probe (Chrono Boost)  
  13  0:15  Probe (Chrono Boost)  
  14  0:25  Probe (Chrono Boost)  
  15  0:35  Pylon  
  15  0:54  Probe (Chrono Boost)  
  16  1:20  Probe (Chrono Boost)  
  17  1:30  Probe (Chrono Boost)  
  18  1:37  Nexus  
  18  1:41  Probe (Chrono Boost)  
  18  1:52  Probe (Chrono Boost)  
  19  1:54  Gateway  
  19  2:04  Assimilator  
  19  2:06  Probe (Chrono Boost)  
  20  2:11  Assimilator  
  20  2:19  Probe (Chrono Boost)  
  21  2:26  Pylon  
  22  2:30  Probe (Chrono Boost)  
  22  2:40  Probe (Chrono Boost)  
  23  2:49  Probe (Chrono Boost)  
  23  2:51  Probe (Chrono Boost)  
  25  2:56  Cybernetics Core  
  25  2:59  Probe (Chrono Boost)  
  25  3:01  Pylon, Probe (Chrono Boost)  
  27  3:10  Probe (Chrono Boost)  
  27  3:12  Probe (Chrono Boost)  
  29  3:20  Probe (Chrono Boost)  
  29  3:22  Probe (Chrono Boost)  
  31  3:31  Probe (Chrono Boost)  
  31  3:33  Probe (Chrono Boost)  
  33  3:36  Stargate  
  33  3:38  Stargate  
  33  3:41  Probe (Chrono Boost)  
  33  3:43  Probe (Chrono Boost)  
  33  3:44  Assimilator  
  33  3:47  Assimilator  
  35  3:52  Probe (Chrono Boost)  
  35  3:54  Probe (Chrono Boost)  
  37  3:57  Pylon  
  37  4:00  Pylon  
  38  4:03  Probe (Chrono Boost)  
  38  4:04  Probe (Chrono Boost)  
  39  4:13  Probe (Chrono Boost)  
  39  4:15  Probe (Chrono Boost)  
  41  4:20  Void Ray  
  41  4:21  Void Ray  
  41  4:24  Probe (Chrono Boost)  
  50  4:25  Probe (Chrono Boost)  
  51  4:34  Probe (Chrono Boost)  
  52  4:45  Probe (Chrono Boost)  
  53  5:11  Void Ray x2  
  53  5:54  Void Ray x2  
  53  5:55  Fleet Beacon  
  61  6:12  Pylon  
  61  6:13  Pylon  
  61  6:15  Pylon  
  61  6:19  Mothership Core (Chrono Boost)  
  63  6:36  Void Ray  
  63  6:37  Void Ray  
  71  7:19  Carrier x2  
  89  7:47  Pylon  
  89  7:49  Pylon  
  89  7:50  Pylon  
  89  7:56  Nexus  
  89  8:05  Pylon  
  89  8:06  Pylon  
  89  8:08  Assimilator  
  89  8:13  Assimilator  
  89  8:22  Nexus  
  89  8:23  Pylon  
  89  8:25  Pylon  
  89  8:42  Probe (Chrono Boost)  
  89  8:45  Carrier x2  
  102  8:51  Probe (Chrono Boost)  
  102  8:52  Probe (Chrono Boost)  
  102  8:55  Protoss Air Weapons Level 1  
  104  9:01  Probe (Chrono Boost)  
  105  9:03  Probe (Chrono Boost)  
  105  9:07  Forge  
  105  9:08  Cybernetics Core  
  106  9:12  Stargate, Probe (Chrono Boost)  
  106  9:13  Probe (Chrono Boost)  
  106  9:15  Stargate  
  108  9:22  Probe (Chrono Boost)  
  108  9:23  Probe (Chrono Boost)  
  111  9:24  Probe (Chrono Boost)  
  111  9:33  Probe (Chrono Boost)  
  111  9:34  Probe (Chrono Boost)  
  113  9:44  Probe (Chrono Boost)  
  114  9:58  Carrier  
  120  10:01  Carrier  
  126  10:13  Probe (Chrono Boost)  
  127  10:18  Assimilator  
  127  10:22  Assimilator  
  127  10:23  Probe x2 (Chrono Boost)  
  129  10:33  Carrier x2  
  129  10:34  Probe x2 (Chrono Boost)  
  143  10:40  Protoss Air Armor Level 1  
  143  10:44  Probe x2 (Chrono Boost)  
  145  10:50  Protoss Shields Level 1  
  145  10:53  Protoss Air Weapons Level 2  
  145  10:55  Probe (Chrono Boost)  
  146  11:12  Probe (Chrono Boost)  
  147  11:22  Probe (Chrono Boost)  
  147  11:24  Carrier  
  154  11:27  Carrier  
  160  11:38  Robotics Facility  
  160  11:59  Carrier  
  166  12:17  Carrier  
  172  12:22  Pylon  
  172  12:24  Pylon  
  172  12:25  Pylon  
  172  12:26  Pylon  
  172  12:27  Pylon  
  172  12:50  Carrier  
Show
View Real Time Build Order
Export as new Build Order

TimeTwist Zerg - Winner!

Build Orders: Hatch First, Swarm Host 

Get SALT Encoding   

  12  0:04  Drone  
  13  0:13  Overlord  
  13  0:19  Drone  
  14  0:31  Drone  
  14  0:32  Drone  
  16  0:38  Drone  
  17  0:47  Drone  
  18  1:03  Hatchery  
  17  1:14  Spawning Pool  
  17  1:17  Drone  
  17  1:20  Drone  
  17  1:24  Drone  
  19  1:36  Drone  
  20  1:43  Overlord  
  20  1:44  Extractor  
  19  1:57  Drone  
  20  2:02  Queen  
  20  2:03  Drone  
  23  2:13  Drone  
  24  2:17  Queen  
  26  2:25  Drone  
  26  2:27  Drone x2  
  29  2:36  Drone  
  30  2:38  Queen  
  32  2:45  Overlord  
  32  2:46  Drone  
  33  2:55  Metabolic Boost  
  33  2:56  Drone x2  
  35  3:00  Overlord  
  35  3:08  Drone  
  36  3:15  Extractor  
  35  3:24  Drone  
  35  3:25  Drone x2, Overlord  
  35  3:26  Drone  
  39  3:35  Lair  
  39  3:36  Hatchery  
  39  3:39  Drone  
  39  3:48  Extractor  
  38  3:49  Spore Crawler  
  38  3:50  Drone x4, Extractor  
  38  3:55  Zergling x6  
  43  4:00  Spore Crawler  
  42  4:04  Spine Crawler  
  42  4:08  Zergling x2  
  42  4:17  Spine Crawler, Zergling x4  
  43  4:27  Zergling x4  
  43  4:28  Zergling x2  
  37  4:34  Drone  
  37  4:35  Drone x2  
  38  4:42  Drone  
  35  4:51  Drone  
  35  4:52  Drone  
  36  4:57  Drone x2  
  38  5:02  Drone  
  39  5:11  Drone x3  
  42  5:19  Drone x2  
  44  5:26  Drone  
  44  5:27  Drone x2  
  47  5:31  Drone x2  
  47  5:32  Drone x2  
  47  5:34  Spire  
  50  5:48  Drone x2  
  52  5:54  Queen  
  52  5:55  Hatchery  
  53  6:04  Hydralisk Den  
  52  6:08  Roach Warren  
  52  6:09  Zergling x10  
  52  6:10  Zergling x4  
  58  6:22  Zergling x2  
  58  6:23  Zergling x6  
  58  6:39  Zergling x8  
  56  6:40  Zergling x8  
  56  6:41  Zergling x2  
  56  6:43  Drone x3  
  58  6:52  Drone  
  58  7:01  Drone  
  59  7:13  Drone x6  
  59  7:14  Drone x2  
  52  7:52  Muscular Augments  
  52  7:53  Glial Reconstitution  
  52  7:55  Burrow  
  52  7:57  Overlord x2  
  52  7:58  Overlord  
  52  7:59  Roach x6  
  52  8:00  Roach x3  
  70  8:08  Zergling x2  
  71  8:15  Drone  
  72  8:34  Queen  
  72  8:35  Drone x2  
  72  8:36  Drone  
  72  8:38  Drone x3  
  72  8:40  Drone  
  81  8:44  Spore Crawler  
  81  8:45  Extractor  
  81  8:46  Extractor  
  78  8:49  Hydralisk x6  
  78  8:50  Hydralisk x2  
  94  8:59  Drone x2  
  96  9:05  Overlord x4  
  95  9:16  Overseer x2  
  95  9:27  Hydralisk x3  
  95  9:28  Roach  
  95  9:29  Roach x4  
  110  9:33  Drone x2  
  110  9:34  Drone x2  
  114  9:38  Drone  
  114  9:39  Drone  
  116  9:51  Drone  
  116  9:52  Infestation Pit, Drone  
  117  9:53  Roach  
  117  9:54  Roach  
  117  9:59  Hatchery  
  120  10:05  Overlord x3  
  120  10:10  Drone x3  
  123  10:24  Hydralisk x4  
  123  10:25  Hydralisk  
  123  10:26  Roach x2  
  135  10:54  Hydralisk x4  
  135  10:55  Hydralisk x4  
  151  11:04  Overlord x3  
  151  11:05  Overlord  
  151  11:17  Hydralisk x3  
  157  11:19  Overlord x2  
  111  11:48  Roach x6  
  111  11:49  Roach x2  
  111  11:51  Infestor x2  
  111  11:52  Infestor  
  111  11:53  Infestor x3  
  137  11:57  Tunneling Claws  
  137  11:59  Pathogen Glands  
  137  12:03  Hive  
  137  12:06  Queen, Drone  
  140  12:11  Overseer x2  
  140  12:27  Spore Crawler  
  139  12:31  Extractor  
  139  12:32  Extractor  
  137  12:47  Drone  
  137  12:48  Drone x2  
  137  12:51  Evolution Chamber  
  139  12:53  Evolution Chamber  
  138  13:00  Drone  
  138  13:01  Drone x2  
  138  13:05  Drone x4  
  145  13:34  Swarm Host x5  
  145  13:35  Swarm Host x7  
  145  13:36  Swarm Host x4  
  191  14:06  Hatchery  
Tags
 
Add a new tag
Caveats
  • Supply blocks, unpowered buildings, or Contaminate may cause inaccurate times.
  • Supply counts are checked every 10 seconds.